 Dungeon Sprint DCSS version 0.21-a0-401-g0b6bec4 (webtiles) character file.

898 Ordine the Basher (level 8, -1/72 HPs)
             Began as a Gargoyle Fighter on Oct 24, 2017.
             Was a Follower of Trog.
             Slain by an eight-headed hydra (9 damage)
             ... in the Dungeon (Sprint IX: "|||||||||||||||||||||||||||||").
             The game lasted 00:02:33 (381 turns).

Ordine the Basher (Gargoyle Fighter)                 Turns: 381, Time: 00:02:33

Health: -1/72      AC: 15    Str: 27    XL:     8   Next: 7%
Magic:  8/8        EV: 11    Int: 12    God:    Trog [*.....]
Gold:   0          SH:  0    Dex: 12    Spells: 7/7 levels left

rFire    . . .     SeeInvis .   n - +2 dire flail (crush)
rCold    . . .     Gourm    .   (shield currently unavailable)
rNeg     + . .     Faith    .   p - +2 ring mail
rPois    ∞         Spirit   .   o - +0 helmet
rElec    +         Reflect  .   a - +0 cloak
rCorr    .         Harm     .   (no gloves)
MR       ++...     NoTele   +   (no boots)
Stlth    ..........             (no amulet)
HPRegen  1.22/turn              r - +3 ring of intelligence
MPRegen  0.11/turn              q - +3 ring of dexterity

@: berserking, regenerating, very quick
A: negative energy resistance 1, electricity resistance, unbreathing,
petrification resistance, rot immunity, AC +5
a: Berserk, Burn Spellbooks, Renounce Religion


You were in the Dungeon.
You worshipped Trog.
Trog was aware of your devotion.
You were not hungry.

You visited 1 branch

Inventory:

Hand Weapons
 n - a +2 dire flail of crushing (weapon)
Armour
 a - a +0 cloak (worn)
 c - a +0 shield
 o - a +0 helmet (worn)
 p - a +2 ring mail (worn)
Jewellery
 q - a +3 ring of dexterity (right hand)
 r - a +3 ring of intelligence (left hand)
Wands
 m - a wand of lightning (7/15)
Scrolls
 k - 2 scrolls of blinking
 l - 3 scrolls of remove curse
Potions
 d - a potion of invisibility
 e - 5 potions of curing
 g - 3 potions of heal wounds
 h - a potion of haste
 i - 4 potions of magic
Comestibles
 b - 3 chunks of flesh
 f - a bread ration


   Skills:
 + Level 3.7 Fighting
 + Level 12.5 Maces & Flails
 + Level 3.7 Armour
 + Level 1.0 Dodging
 + Level 12.3 Shields


You had 7 spell levels left.
You didn't know any spells.

Dungeon Overview and Level Annotations

Branches:
Dungeon (1/1)

Altars:
Cheibriados
Dithmenos
Elyvilon
Fedhas
Gozag
Hepliaklqana
Kikubaaqudgha
Makhleb
Nemelex Xobeh
Okawaru
Qazlal
Ru
Sif Muna
Trog
Uskayaw
Vehumet
Wu Jian
Xom
Yredelemnul
Zin
The Shining One
Beogh
Jiyva
Lugonu


Innate Abilities, Weirdness & Mutations

You are resistant to torment.
Your stone body is resilient. (AC +5)
You are immune to poison.
You resist negative energy. (rN+)
You are resistant to electric shocks. (rElec)
You can survive without breathing.
You are immune to petrification.
You are immune to rotting.


Message History

You feel yourself moving faster!
You feel mighty!
You feel a lot more hungry.
The cyclops falls off the wall.
The tarantella changes into a cyclops!
The eight-headed hydra barely misses you.
The eight-headed hydra bites you but does no damage.
The eight-headed hydra bites you! x2
* * * LOW HITPOINT WARNING * * *
The eight-headed hydra barely misses you.
The eight-headed hydra bites you but does no damage. x2
The eight-headed hydra barely misses you.
Unknown command.
You impale the eight-headed hydra!!
The eight-headed hydra is heavily wounded.
The eight-headed hydra bites you but does no damage.
The eight-headed hydra barely misses you.
The eight-headed hydra bites you.
* * * LOW HITPOINT WARNING * * *
The eight-headed hydra bites you!
* * * LOW HITPOINT WARNING * * *
The eight-headed hydra bites you!
You die...

▓C▓
▓.▓
▓9▓
▓e▓
▓F▓
▓O▓
▓D▓
▓@▓
▓.▓
▓.▓
▓.▓
▓.▓
▓)▓
▓)▓
▓.▓
▓.▓


You could see an eight-headed hydra, a two-headed ogre, a cyclops shaped
shifter, a deep elf mage, a gargoyle and a bullfrog.

Vanquished Creatures
  A two-headed ogre (D)
  A sky beast (D)
  A bullfrog (D)
  2 hounds (D)
  2 worker ants (D)
  A shadow imp (D)
  An adder skeleton (D)
  An orc (D)
  A goblin (D)
  A hobgoblin (D)
  A bat (D)
  A frilled lizard (D)
  A giant cockroach zombie (D)
  A rat (D)
16 creatures vanquished.

Notes
Turn   | Place    | Note
-------+----------+-------------------------------------------
     0 | D        | Ordine the Gargoyle Fighter began the quest for the Orb.
     0 | D        | Reached XP level 1. HP: 14/14 MP: 1/1
   172 | D        | Noticed a sky beast
   172 | D        | Noticed a hound
   172 | D        | Noticed a worker ant
   178 | D        | Killed a worker ant
   178 | D        | Reached skill level 5 in Maces & Flails
   178 | D        | Reached XP level 2. HP: 18/19 MP: 2/2
   178 | D        | Reached XP level 3. HP: 22/23 MP: 3/3
   179 | D        | Reached skill level 5 in Shields
   182 | D        | Reached XP level 4. HP: 27/28 MP: 4/4
   191 | D        | Killed a sky beast
   191 | D        | Reached XP level 5. HP: 32/32 MP: 5/5
   198 | D        | Found a roughly hewn altar of Beogh.
   198 | D        | Found a snail-covered altar of Cheibriados.
   198 | D        | Found a shadowy altar of Dithmenos.
   198 | D        | Found a white marble altar of Elyvilon.
   198 | D        | Found a blossoming altar of Fedhas.
   198 | D        | Found an opulent altar of Gozag.
   199 | D        | Found a hazy altar of Hepliaklqana.
   200 | D        | Found a viscous altar of Jiyva.
   201 | D        | Found an ancient bone altar of Kikubaaqudgha.
   202 | D        | Found a corrupted altar of Lugonu.
   203 | D        | Found a burning altar of Makhleb.
   204 | D        | Found a sparkling altar of Nemelex Xobeh.
   205 | D        | Found an iron altar of Okawaru.
   206 | D        | Found a stormy altar of Qazlal.
   207 | D        | Found a sacrificial altar of Ru.
   208 | D        | Found a deep blue altar of Sif Muna.
   209 | D        | Found a bloodstained altar of Trog.
   210 | D        | Found a hide-covered altar of Uskayaw.
   211 | D        | Found a radiant altar of Vehumet.
   212 | D        | Found an ornate altar of the Wu Jian Council.
   213 | D        | Found a shimmering altar of Xom.
   214 | D        | Found a basalt altar of Yredelemnul.
   215 | D        | Found a glowing silver altar of Zin.
   216 | D        | Found a glowing golden altar of the Shining One.
   217 | D        | Became a worshipper of Trog the Wrathful
   289 | D        | Noticed a two-headed ogre
   297 | D        | Killed a two-headed ogre
   297 | D        | Reached * piety under Trog
   297 | D        | Reached XP level 6. HP: 37/37 MP: 6/6
   297 | D        | Reached XP level 7. HP: 41/41 MP: 7/7
   299 | D        | Reached XP level 8. HP: 46/46 MP: 8/8
   304 | D        | Reached ** piety under Trog
   304 | D        | Reached skill level 1 in Dodging
   378 | D        | Noticed a tarantella
   378 | D        | Noticed a gargoyle
   378 | D        | Noticed a deep elf mage
   378 | D        | Noticed a two-headed ogre
   378 | D        | Noticed an eight-headed hydra
   380 | D        | Noticed a cyclops
   380 | D        | a tarantella changed into a cyclops
   381 | D        | Slain by an eight-headed hydra

Vault maps used:
D:        linesprint

Skill      XL: |  1  2  3  4  5  6  7  8 |
---------------+-------------------------+-----
Maces & Flails | 5 6 8 12 | 12.5
Shields        | 4 5 7 12 | 12.3
Dodging        | 1 |  1.0
Fighting       | |  3.7
Armour         | |  3.7

Action                   |  1- 3 |  4- 6 |  7- 9 || total
-------------------------+-------+-------+-------++-------
Melee: Flail             |    34 |     9 |       ||    43
       Dire flail        |       |     6 |     8 ||    14
Invok: Berserk           |       |       |     1 ||     1
       Trog's Hand       |       |       |     1 ||     1
  Use: Potion            |     1 |     1 |       ||     2
Armor: Scale mail        |    15 |     6 |       ||    21
       Ring mail         |       |     1 |     6 ||     7
Dodge: Dodged            |     5 |     1 |     9 ||    15
Block: Shield            |    23 |     2 |       ||    25

Table legend:
 A = Spawn XP
 B = Non-spawn XP
 C = Spawn XP percentage of total XP
 D = Spawn monster count
 E = Non-spawn monster count
 F = Spawn count percentage of total count
 G = Total turns spent on level
                    A         B        C        D         E        F      G
               +---------+---------+-------+---------+---------+-------+---------
         Total |       0 |    1283 |   0.0 |       0 |      16 |   0.0 |   381
               +---------+---------+-------+---------+---------+-------+---------
             D |       0 |    1283 |   0.0 |       0 |      16 |   0.0 |   381
               +---------+---------+-------+---------+---------+-------+---------
